 Dungeon Crawl Stone Soup version 0.30-a0-170-g85af917532 (webtiles) character file.

Game seed: 2902826905036681538

82 IdlyInterested the Trooper (level 4, -1/37 HPs)
             Began as a Demonspawn Gladiator on Sept 30, 2022.
             Slain by a gnoll
             ... wielding a +0 club
             ... led by a gnoll bouda
              (3 damage)
             ... on level 2 of the Dungeon.
             The game lasted 00:04:15 (2513 turns).

IdlyInterested the Trooper (Demonspawn Gladiator)   Turns: 2513, Time: 00:04:16

Health: -1/37      AC:  6    Str: 14    XL:     4   Next: 21%
Magic:  4/4        EV: 10    Int:  9    God:
Gold:   79         SH:  9    Dex: 17    Spells: 1/3 levels left

rFire   . . .      SeeInvis .    a - +0 long sword
rCold   . . .      Faith    .    (no shield)
rNeg    . . .      Spirit   .    s - +0 scale mail
rPois   .          Reflect  +    (helmet restricted)
rElec   .          Harm     .    (no cloak)
rCorr   .          Rampage  .    (no gloves)
Will    .....                    (no boots)
Stlth   ..........               f - amulet of reflection
HPRegen 0.12/turn                (no ring)
MPRegen 0.09/turn                (no ring)

@: no status effects
A: antennae 2, condensation shield
a: no special abilities


You were on level 2 of the Dungeon.
You visited 1 branch of the dungeon, and saw 3 of its levels.

You collected 79 gold pieces.

Inventory:

Hand Weapons
 a - a +0 long sword (weapon)
 g - a +0 dagger
Missiles
 d - 3 throwing nets (quivered)
 e - a javelin
Armour
 b - a +0 leather armour
 j - a +0 ring mail
 m - a +0 chain mail
 s - a +0 scale mail (worn)
Magical Staves
 k - a staff of earth
Jewellery
 f - an amulet of reflection (around neck)
Scrolls
 n - a scroll of magic mapping {unknown}
 o - a scroll of acquirement {unknown}
 p - a scroll of enchant armour {unknown}
 r - a scroll of butterflies {unknown}
 u - a scroll of blinking {unknown}
 v - a scroll of brand weapon {unknown}
 y - a scroll of fear {unknown}
Potions
 c - a potion of curing {unknown}
 h - a potion of attraction {unknown}
 i - a potion of ambrosia {unknown}
 l - a potion of cancellation {unknown}
 q - a potion of haste {unknown}
 t - a potion of degeneration {unknown}
 w - a potion of lignification {unknown}
 x - a potion of might {unknown}


   Skills:
 * Level 3.9 Fighting
 + Level 3.4 Long Blades
 - Level 1.7 Throwing
 - Level 2.6 Dodging


You had one spell level left.
You knew the following spells:

 Your Spells              Type           Power      Damage    Failure   Level
a - Passwall              Tmut/Erth      0%         N/A       95%         2

Your spell library contained the following spells:

 Spells                   Type           Power      Damage    Failure   Level
 Sandblast                Erth           0%         2d4       88%         1
 Stone Arrow              Conj/Erth      0%         3d7       99%         3
 Animate Armour           Summ/Erth      0%         N/A       100%        4
 Lehudib's Crystal Spear  Conj/Erth      0%         10d2      100%        8


Dungeon Overview and Level Annotations

Branches:
Dungeon (3/15)

Altars:


Innate Abilities, Weirdness & Mutations

You have a pair of antennae on your head.
A meltable shield of frost defends you. (SH +4)


Message History

You hear a shout!
Unknown command.
You struggle against the net.
The gnoll hits you but does no damage. x2
The gnoll hits you from afar with a +0 spear.
You tear a large gash into the net.
The gnoll hits you but does no damage. The gnoll hits you with a +0 halberd!
The goblin hits you but does no damage.
The gnoll hits you from afar with a +0 spear.
You rip the net and break free!
A ball python comes into view.
The gnoll hits you with a +0 club. The gnoll barely misses you.
A ball python comes into view.
The goblin misses you.
An orc comes into view. It is wielding a +0 whip.
You block the gnoll's attack.
The ball python hisses angrily.
You block the quokka's attack. You block the gnoll's attack.
The gnoll hits you with a +0 halberd!
* * * LOW HITPOINT WARNING * * *
You block the gnoll's attack. You block the quokka's attack.
The gnoll hits you but does no damage. The goblin closely misses you.
You climb upwards.
There is a stone staircase leading down here.
Okay, then.
The quokka attacks as you move away! You block the quokka's attack.
The gnoll hits you but does no damage. The gnoll closely misses you.
The quokka attacks as you move away!
The quokka bites you but does no damage.
You block the gnoll's attack. x2
You block the gnoll's attack.
You barely miss the quokka. The quokka bites you.
* * * LOW HITPOINT WARNING * * *
You block the quokka's attack.
You slash the quokka!
You kill the quokka!
You hit the gnoll.
The gnoll is lightly wounded.
The gnoll hits you with a +0 club.
* * * LOW HITPOINT WARNING * * *
The gnoll barely misses you. The gnoll hits you with a +0 club.
You die...

##### #...# ###### #...#
###..... #...# ###
####...~~~~
#...#####.#####......~~~~
#...##gg@.......###.~~~~~
###...#.g##...#######.~~~~~
#.'....................~~~~
###....#>##.#.#............
#......##.#.#.......#..##
###########..............##.#
#........##....#.........##[#
#........#...............##.#
#........#...............##.#


You could see 2 gnolls and a goblin.

Vanquished Creatures
  4 adders (D:2)
  A worm (D:2)
  5 ball pythons
  2 bats
  3 endoplasms
  2 giant cockroaches
  3 goblins
  5 hobgoblins
  3 quokkas
  8 frilled lizards
  3 kobolds
  3 rats
42 creatures vanquished.

Notes
Turn   | Place    | Note
-------+----------+-------------------------------------------
     0 | D:1      | IdlyInterested the Demonspawn Gladiator began the quest for
                  | the Orb.
     0 | D:1      | Reached XP level 1. HP: 16/16 MP: 1/1
   362 | D:1      | Gained mutation: You have a pair of small antennae on your
                  | head. [demonic ancestry]
   362 | D:1      | Reached XP level 2. HP: 23/23 MP: 2/2
  1386 | D:2      | Gained mutation: A meltable shield of frost defends you.
                  | (SH +4) [demonic ancestry]
  1386 | D:2      | Reached XP level 3. HP: 14/29 MP: 3/3
  1881 | D:2      | Found a faded altar of an unknown god.
  2054 | D:2      | Learned a level 2 spell: Passwall
  2122 | D:2      | Gained mutation: You have a pair of antennae on your head.
                  | [demonic ancestry]
  2122 | D:2      | Reached XP level 4. HP: 37/37 MP: 4/4
  2513 | D:2      | Slain by a gnoll

Illustrated notes

Levels and vault maps discovered:
D:1:      dpeg_arrival_boxorama, layout_basic
D:2:      wander_river, layout_basic, shapermc_ecumenical_altar_pompeii,
          minmay_lizard_pond
D:3:      layout_rooms

Skill      XL: |  1  2 |
---------------+-------+-----
Long Blades    | 3 |  3.4
Fighting       | 3 |  3.9
Throwing       | |  1.7
Dodging        | |  2.6

Action                   |  1- 3 |  4- 6 || total
-------------------------+-------+-------++-------
Melee: Long sword        |    93 |    18 ||   111
       Punch             |     2 |       ||     2
  Use: Scroll            |     1 |       ||     1
Armor: Leather armour    |     5 |       ||     5
       Ring mail         |    15 |       ||    15
       Scale mail        |     6 |    11 ||    17
Dodge: Dodged            |    42 |    15 ||    57
Block: Other             |    39 |    21 ||    60

Table legend: (Time is in decaauts)
 A = Elapsed time spent in this place.
 B = Non-inter-level travel time spent in this place.
 C = Inter-level travel time spent in this place.
 D = Time resting spent in this place.
 E = Time spent auto-exploring this place.
 F = Levels seen in this place.
 G = Mean time per level.
                   A        B        C        D        E       F      G
               +--------+--------+--------+--------+--------+-----+--------+
         Total |   2564 |   2406 |    158 |    404 |   1504 |   3 |  854.7 |
       Dungeon |   2564 |   2406 |    158 |    404 |   1504 |   3 |  854.7 |
               +--------+--------+--------+--------+--------+-----+--------+

Top non-repeatable levels by time:
     D:1: 1338 daAuts
     D:2: 1220 daAuts
     D:3: 5 daAuts
